 Dungeon Crawl Stone Soup version 0.17.1-2-g5865329 (webtiles) character file.

10859 inmateoo the Martial Artist (level 11, -1/74 HPs)
             Began as an Octopode Transmuter on Feb 11, 2016.
             Was the Champion of Makhleb.
             Killed from afar by Josephine (28 damage)
             ... with a ghostly fireball
             ... on level 11 of the Dungeon.
             The game lasted 00:32:18 (12411 turns).

inmateoo the Martial Artist (Octopode Transmuter)  Turns: 12411, Time: 00:32:18

Health: -1/74      AC:  8    Str: 11    XL:     11   Next: 68%
Magic:  20/20      EV: 15    Int: 18    God:    Makhleb [******]
Gold:   357        SH:  0    Dex: 12    Spells: 7 memorised, 2 levels left

rFire  . . .     SeeInvis .       - Unarmed
rCold  + . .     Clarity  .     (no shield)
rNeg   . . .     SustAt   +     o - +2 hat
rPois  .         Gourm    .     B - amulet of resist corrosion (curse)
rElec  .         Spirit   .     a - ring of sustain attributes
rCorr  +         Warding  .     (no ring)
rMut   .         Stasis   .     (no ring)
MR     .....                    (no ring)
Stlth  ++........               (no ring)
                                (no ring)
                                (no ring)
                                (no ring)

@: about to teleport, not resistant to hostile enchantments, unstealthy
A: almost no armour, amphibious, 8 rings, constrict 8, iridescent scales 1,
rugged brown scales 1, camouflage 1, cold resistance 1, spit poison 1, wild
magic 1, gelatinous body 1, evolution 1
a: Spit Poison, Minor Destruction, Lesser Servant of Makhleb, Major Destruction,
Greater Servant of Makhleb, Renounce Religion


You were on level 11 of the Dungeon.
You worshipped Makhleb.
Makhleb was exalted by your worship.
You were not hungry.

You visited 2 branches of the dungeon, and saw 12 of its levels.

You collected 462 gold pieces.
You spent 105 gold pieces at shops.

Inventory:

Missiles
 h - 8 javelins (quivered)
 G - 56 arrows
Armour
 k - a +0 hat of spirit shield
 n - a +0 buckler
 o - a +2 hat (worn)
Jewellery
 a - a ring of sustain attributes (left tentacle)
 x - a cursed amulet of faith {unknown}
 y - an uncursed ring of ice
 B - a cursed amulet of resist corrosion (around mantle)
Wands
 d - a wand of fireball (10)
 u - a wand of lightning (4)
 v - a wand of confusion (31)
 z - a wand of draining (3)
 A - a wand of slowing (23)
 K - a wand of heal wounds (4)
Scrolls
 f - a scroll of enchant armour
 g - 4 scrolls of immolation
 i - a scroll of magic mapping
 p - 2 scrolls of recharging
 C - a scroll of amnesia
Potions
 e - 2 potions of haste
 j - 7 potions of curing
 s - a potion of flight
 t - 2 potions of lignification
 w - 2 potions of resistance
 D - 2 potions of might
 E - 2 potions of agility
 F - a potion of brilliance {unknown}
 L - a potion of heal wounds {unknown}
Books
 b - a book of Changes

   Spells                             Type                      Level
   a - Beastly Appendage              Transmutation                1
   b - Sticks to Snakes               Transmutation                2
   c - Spider Form                    Transmutation/Poison         3
   d - Ice Form                       Ice/Transmutation            4
   e - Blade Hands                    Transmutation                5
 q - a book of Battle

   Spells                             Type                      Level
   a - Infusion                       Charms                       1
   b - Shroud of Golubria             Charms/Translocation         2
   c - Song of Slaying                Charms                       2
   d - Spectral Weapon                Hexes/Charms                 3
   e - Regeneration                   Charms/Necromancy            3
Miscellaneous
 r - a phial of floods
Comestibles
 c - 9 bread rations
 l - 4 meat rations
 m - 4 fruits
 H - a slice of pizza
 I - 4 mutagenic chunks of flesh
 J - 7 royal jellies


   Skills:
 + Level 6.1 Fighting
 + Level 6.1 Dodging
 * Level 9.5 Unarmed Combat
 + Level 6.0 Spellcasting
 + Level 2.9 Charms
 * Level 9.2 Transmutations
 - Level 5.0 Ice Magic
 + Level 4.6 Invocations
 + Level 1.8 Evocations


You had 2 spell levels left.
You knew the following spells:

 Your Spells              Type           Power        Failure   Level  Hunger
a - Beastly Appendage     Trmt           ######       2%          1    None
b - Sticks to Snakes      Trmt           ######....   2%          2    None
c - Spider Form           Trmt/Pois      ####......   13%         3    ##.....
d - Ice Form              Ice/Trmt       #####...     16%         4    ####...
e - Blade Hands           Trmt           ######....   19%         5    #####..
f - Regeneration          Chrm/Necr      ###.......   38%         3    ##.....
g - Shroud of Golubria    Chrm/Tloc      ###.......   22%         2    None


Dungeon Overview and Level Annotations

Branches:
Dungeon (11/15)            Temple (1/1) D:4            Lair (0/8) D:9
    Orc (0/4) D:10

Altars:
Ashenzari
Cheibriados
Dithmenos
Elyvilon
Fedhas
Gozag
Kikubaaqudgha
Makhleb
Nemelex Xobeh
Okawaru
Qazlal
Ru
Sif Muna
Trog
Vehumet
Xom
Yredelemnul
Zin
The Shining One

Shops:
D:8 !

Annotations:
D:10 Thomus's ghost, journeyman HOFi
D:11 Josephine; Psyche


Innate Abilities, Weirdness & Mutations

You cannot wear most types of armour.
You are amphibious.
You can wear up to eight rings at the same time.
You can use your tentacles to constrict eight enemies at once.
Your skin changes colour to match your surroundings (Stealth).
Your rubbery body absorbs attacks (AC +1).
You are partially covered in iridescent scales (AC +4).
You are partially covered in rugged brown scales (AC +1, +3% HP).
Your flesh is cold resistant.
You can spit weak poison.
Your spells are a little harder to cast, but a little more powerful.
You evolve.


Message History

You see here a tomahawk.
You see here a tomahawk.
You hear a distant slurping noise.
You hear a distant slurping noise.
Josephine grins malevolently.
You see here a large rock.
An orc comes into view.
The orc shouts!
The orc throws a tomahawk.
The tomahawk closely misses you.
Read which item? (? for menu, Esc to quit)
As you read the scroll of teleportation, it crumbles to dust.
You feel strangely unstable.
Josephine points at you and mumbles some strange words.
The ghostly flame explodes!
The ghostly fireball engulfs you!
Psyche shouts!
You hear a shout!
You hear a shout!
You hear a loud, deep croak!
You hear a shout!
Unknown command.
Josephine points at you and mumbles some strange words.
The ghostly flame explodes!
The ghostly fireball engulfs you!
You die...

#####........#
#...))....##...
#.............#
#..###@..###... ##.#
#)..# .##.
#.###...###....
#............#
#.(..........#
#......@.....#.
##.###...###....
#.(# #...# ...
#..###...###...
#..@.@.....o..# #
#.####....###o#.##
#.#####.†.###....###
#...........<.......
#####Y#######....###


You could see Josephine and Psyche.

Vanquished Creatures
  A cyclops (D:11)
  An ugly thing (D:11)
  An elephant (D:9)
  A troll (D:9)
  4 wraiths (D:11)
  Eustachio (D:5)
  2 hungry ghosts
  2 deep elf magi
  Grum (D:9)
  A hippogriff (D:9)
  A yak (D:9)
  A water moccasin (D:5)
  2 wargs
  2 wolves (D:9)
  6 orc warriors
  2 sky beasts
  2 black bears
  3 centaurs
  An ice beast (D:6)
  3 phantoms
  6 ogres
  A necrophage (D:10)
  A crocodile (D:9)
  2 big kobolds (D:7)
  3 giant frogs
  4 scorpions
  A wyvern skeleton (D:11)
  7 wights
  17 killer bees
  2 giant frog zombies
  A centaur zombie (D:6)
  4 hounds
  3 crimson imps
  13 orc priests
  A wasp zombie (D:7)
  2 jellies (D:5)
  A gnoll shaman (D:6)
  A quasit (D:7)
  Ijyb (D:2)
  20 orc wizards
  2 giant frog skeletons
  A centaur skeleton (D:5)
  Terence (D:2)
  3 iguanas
  9 worker ants
  2 sheep (D:9)
  10 gnolls
  14 adders
  A shadow imp (D:6)
  2 oozes (D:2)
  An adder zombie (D:8)
  2 adder skeletons
  3 worms
  5 giant geckos
  62 orcs
  A ball python (D:1)
  6 bats
  4 giant cockroaches (D:1)
  5 goblins
  8 hobgoblins
  6 jackals (D:4)
  3 quokkas
  A giant cockroach zombie (D:6)
  4 giant newts
  11 kobolds
  25 rats
  3 fungi (D:4)
324 creatures vanquished.

Vanquished Creatures (collateral kills)
  Gastronok (D:9)
  A queen bee (D:9)
  A two-headed ogre (D:7)
  An ogre (D:9)
  5 killer bees (D:9)
  A jelly (D:7)
  Natasha (thrice) (D:2)
  2 adders
  A gnoll (D:3)
16 creatures vanquished.

Vanquished Creatures (others)
  3 fungi (D:9)
  A plant (D:9)
4 creatures vanquished.

Grand Total: 344 creatures vanquished

Notes
Turn   | Place    | Note
--------------------------------------------------------------
     0 | D:1      | inmateoo the Octopode Transmuter began the quest for the Orb.
     0 | D:1      | Reached XP level 1. HP: 13/13 MP: 3/3
   195 | D:1      | Reached XP level 2. HP: 12/18 MP: 5/5
   202 | D:1      | Learned a level 2 spell: Sticks to Snakes
   898 | D:2      | Found a shadowy altar of Dithmenos.
   941 | D:2      | Noticed Ijyb
   956 | D:2      | Killed Ijyb
   956 | D:2      | Reached XP level 3. HP: 15/23 MP: 6/6
  1273 | D:2      | Noticed Terence
  1286 | D:2      | Killed Terence
  1286 | D:2      | Reached XP level 4. HP: 9/29 MP: 4/7
  1465 | D:2      | Found a deep blue altar of Sif Muna.
  1468 | D:2      | Found an opulent altar of Gozag.
  1470 | D:2      | Found a bloodstained altar of Trog.
  1475 | D:2      | Found a burning altar of Makhleb.
  1479 | D:2      | Became a worshipper of Makhleb the Destroyer
  1561 | D:2      | Noticed Natasha
  1571 | D:2      | Killed Natasha
  1646 | D:2      | Reached XP level 5. HP: 14/34 MP: 4/8
  1868 | D:2      | Reached skill level 4 in Unarmed Combat
  1933 | D:2      | Noticed Natasha
  1940 | D:2      | Killed Natasha
  1954 | D:2      | Noticed Natasha
  1959 | D:2      | Killed Natasha
  2460 | D:3      | Learned a level 3 spell: Spider Form
  2572 | D:3      | Reached * piety under Makhleb
  2925 | D:2      | Found a radiant altar of Vehumet.
  3036 | D:3      | Reached ** piety under Makhleb
  3042 | D:3      | Reached XP level 6. HP: 39/39 MP: 9/9
  3686 | D:3      | Found a stormy altar of Qazlal.
  3687 | D:3      | Found a shimmering altar of Xom.
  3719 | D:3      | Reached skill level 5 in Unarmed Combat
  3785 | D:4      | Found a blossoming altar of Fedhas.
  3793 | D:4      | Learned a level 4 spell: Ice Form
  3873 | D:4      | Reached XP level 7. HP: 45/45 MP: 8/11
  4131 | D:4      | Reached *** piety under Makhleb
  4171 | D:4      | Reached skill level 1 in Ice Magic
  4400 | D:4      | Found an ancient bone altar of Kikubaaqudgha.
  4460 | D:4      | Found a staircase to the Ecumenical Temple.
  4475 | D:4      | Reached XP level 8. HP: 48/52 MP: 11/13
  4483 | Temple   | Entered the Ecumenical Temple
  4650 | D:4      | Reached skill level 6 in Unarmed Combat
  4777 | D:4      | Found a snail-covered altar of Cheibriados.
  4876 | D:5      | Entered Level 5 of the Dungeon
  4908 | D:5      | Reached skill level 5 in Transmutations
  5098 | D:5      | Found an iron altar of Okawaru.
  5630 | D:5      | Noticed Eustachio
  5649 | D:5      | Killed Eustachio
  5649 | D:5      | Reached **** piety under Makhleb
  6023 | D:6      | Reached XP level 9. HP: 58/58 MP: 10/15
  6317 | D:6      | Reached skill level 7 in Unarmed Combat
  6434 | D:6      | Learned a level 5 spell: Blade Hands
  6617 | D:6      | Gained mutation: You are resistant to hostile enchantments. [potion of mutation]
  6617 | D:6      | Gained mutation: You are partially covered in iridescent scales (AC +4). [potion of mutation]
  6617 | D:6      | Gained mutation: Your spells are a little harder to cast, but a little more powerful. [potion of mutation]
  6622 | D:6      | Gained mutation: Your flesh is cold resistant. [potion of beneficial mutation]
  7072 | D:7      | Found an iron altar of Okawaru.
  7256 | D:7      | Reached ***** piety under Makhleb
  7498 | D:7      | Reached skill level 1 in Invocations
  7924 | D:7      | Reached skill level 5 in Dodging
  8138 | D:7      | Reached XP level 10. HP: 65/65 MP: 12/17
  8188 | D:7      | Reached skill level 5 in Fighting
  8310 | D:7      | Reached skill level 5 in Spellcasting
  8343 | D:8      | Found a white marble altar of Elyvilon.
  8571 | D:8      | Learned a level 3 spell: Regeneration
  8745 | D:8      | Found Tuleluz's Distillery.
  8774 | D:8      | Bought a potion of might for 60 gold pieces
  8774 | D:8      | Bought a potion of curing for 45 gold pieces
  9035 | D:9      | Found a staircase to the Lair.
  9035 | D:9      | Noticed an elephant
  9092 | D:9      | Reached skill level 8 in Unarmed Combat
  9255 | D:9      | Reached skill level 1 in Charms
  9266 | D:9      | Noticed Grum
  9280 | D:9      | Killed Grum
  9516 | D:9      | Reached skill level 5 in Ice Magic
  9533 | D:9      | Found a bloodstained altar of Trog.
 10117 | D:9      | Reached ****** piety under Makhleb
 10352 | D:9      | Killed an elephant
 10352 | D:9      | Reached XP level 11. HP: 60/72 MP: 11/19
 10418 | D:9      | Found a basalt altar of Yredelemnul.
 10508 | D:9      | Noticed Gastronok
 10722 | D:9      | Killed Gastronok
 10722 | D:9      | Reached skill level 9 in Unarmed Combat
 10893 | D:10     | Entered Level 10 of the Dungeon
 10949 | D:10     | Found a staircase to the Orcish Mines.
 11072 | D:10     | Found a sparkling altar of Nemelex Xobeh.
 11259 | D:10     | Noticed Thomus's ghost (journeyman HOFi)
 11269 | D:11     | Noticed Psyche
 11660 | D:10     | Lost mutation: You are resistant to hostile enchantments. [mutagenic meat]
 11661 | D:10     | Gained mutation: You are partially covered in rugged brown scales (AC +1, +3% HP). [mutagenic meat]
 11662 | D:10     | Gained mutation: You can spit weak poison. [mutagenic meat]
 11663 | D:10     | Gained mutation: You evolve. [mutagenic meat]
 11938 | D:11     | Learned a level 2 spell: Shroud of Golubria
 11976 | D:11     | Reached skill level 1 in Evocations
 12331 | D:11     | Noticed Josephine
 12411 | D:11     | Killed from afar by Josephine

Action                   |  1- 3 |  4- 6 |  7- 9 | 10-12 || total
-------------------------+-------+-------+-------+-------++-------
Melee: Unarmed           |    62 |   161 |   347 |   438 ||  1008
Throw: Javelin           |       |     2 |     2 |       ||     4
 Cast: Beastly Appendage |    10 |    17 |     5 |       ||    32
       Sticks to Snakes  |     1 |    11 |     2 |    15 ||    29
       Spider Form       |       |     2 |    15 |     1 ||    18
       Ice Form          |       |       |    20 |    22 ||    42
       Blade Hands       |       |       |       |     4 ||     4
       Shroud of Golubri |       |       |       |     2 ||     2
       Regeneration      |       |       |       |     1 ||     1
 Abil: End Transformatio |       |       |       |     2 ||     2
Evoke: Wand              |       |       |     1 |       ||     1
  Use: Scroll            |     1 |     3 |    16 |     4 ||    24
       Potion            |       |     1 |     2 |     1 ||     4
 Stab: Sleeping          |     7 |     5 |     1 |       ||    13
       Distracted        |       |       |       |     2 ||     2
  Eat: Chunk             |       |    11 |    19 |    18 ||    48
       Fruit             |       |       |     2 |     3 ||     5
       Beef jerky        |       |       |       |     2 ||     2
       Meat ration       |       |       |       |     1 ||     1
